 Dungeon Crawl Stone Soup version 0.18.1-8-gdd0e5ea (webtiles) character file.

6542 M4edhros the Covert (level 11, -6/72 HPs)
             Began as an Octopode Artificer on June 7, 2016.
             Was an Elder of Fedhas.
             Mangled by a hill giant
             ... wielding a +0 giant club
              (22 damage)
             ... on level 11 of the Dungeon.
             The game lasted 00:21:07 (11413 turns).

M4edhros the Covert (Octopode Artificer)           Turns: 11413, Time: 00:21:08

Health: -6/72      AC:  3    Str: 11    XL:     11   Next: 1%
Magic:  16/16      EV: 15    Int: 15    God:    Fedhas [****..]
Gold:   596        SH:  0    Dex: 15    Spells: 0 memorised, 10 levels left

rFire  + . .     SeeInvis .     X - +7 spear of Qazlal's Benevolence {venom, MR+}
rCold  . . .     Gourm    .     (no shield)
rNeg   . . .     Faith    .     (helmet restricted)
rPois  +         Spirit   .     (no amulet)
rElec  .         Dismiss  .     m - ring of protection from fire
rCorr  .         Reflect  .     K - ring of flight
SustAt .         Harm     .     T - +2 ring of protection
MR     +....                    N - ring of poison resistance
Stlth  +++++++...               (no ring)
                                (no ring)
                                (no ring)
                                (no ring)

@: somewhat resistant to hostile enchantments, extremely stealthy
A: almost no armour, amphibious, 8 rings, constrict 8, tentacle spike 1,
camouflage 1, gelatinous body 1
a: Evolution, Sunlight, Growth, Reproduction, Renounce Religion, Evoke Flight


You were on level 11 of the Dungeon.
You worshipped Fedhas.
Fedhas was greatly pleased with you.
You were hungry.

You visited 2 branches of the dungeon, and saw 12 of its levels.

You collected 788 gold pieces.
You spent 192 gold pieces at shops.

Inventory:

Hand Weapons
 e - a +1 hunting sling
 o - a +2 flail of venom
 y - a +4 quarterstaff of chaos
 B - the +4 hunting sling of the World {velocity, Int+3}
   (You found it on level 5 of the Dungeon)

   Any stone fired from it inflicts extra damage.
   It affects your intelligence (+3).
 H - a +1 short sword of venom
 Q - a +0 blowgun
 R - a +2 short sword of protection
 X - the +7 spear of Qazlal's Benevolence (weapon) {venom, MR+}
   (You bought it in a shop on level 11 of the Dungeon)

   It poisons the flesh of those it strikes.
   It affects your resistance to hostile enchantments.
Missiles
 C - 355 stones (quivered)
 M - 13 sling bullets
 S - 13 poisoned needles
Jewellery
 m - a ring of protection from fire (left tentacle)
 K - a ring of flight (right tentacle)
 N - a ring of poison resistance (on tentacle)
 T - a +2 ring of protection (on tentacle)
Wands
 b - a wand of flame (0/48)
 c - a wand of enslavement (5/24)
 d - a wand of random effects (8/48)
 s - a wand of slowing (21/48)
Scrolls
 a - 4 scrolls of identify
 h - a scroll of amnesia
 i - 7 scrolls of remove curse
 k - a scroll of fog {unknown}
 q - 2 scrolls of recharging {unknown}
 r - a scroll of noise {unknown}
 u - a scroll of blinking {unknown}
 v - a scroll of enchant weapon
 x - a scroll of summoning {unknown}
 A - a scroll of fear {unknown}
 D - 2 scrolls of immolation {unknown}
 J - 2 scrolls of teleportation {unknown}
Potions
 j - 2 potions of invisibility {unknown}
 l - a potion of heal wounds
 n - a potion of haste
 p - 2 potions of might
 t - 2 potions of berserk rage
 z - a potion of flight {unknown}
 E - 2 potions of cure mutation {unknown}
 F - 6 potions of lignification {unknown}
 G - a potion of cancellation {unknown}
 I - a potion of resistance {unknown}
 U - a potion of curing
 V - 2 potions of agility
 W - a potion of brilliance
Books
 L - a book of Enchantments

   Spells                             Type                      Level
   a - Cause Fear                     Hexes                        4
   b - Yara's Violent Unravelling     Hexes/Transmutation          5
   c - Silence                        Hexes/Air                    5
   d - Deflect Missiles               Charms/Air                   6
   e - Haste                          Charms                       6
   f - Discord                        Hexes                        8
 O - a book of Maledictions

   Spells                             Type                      Level
   a - Corona                         Hexes                        1
   b - Ensorcelled Hibernation        Hexes/Ice                    2
   c - Confuse                        Hexes                        3
   d - Tukima's Dance                 Hexes                        3
   e - Dazzling Spray                 Conjuration/Hexes            3
Comestibles
 f - 4 bread rations
 g - 4 meat rations
 w - 8 beef jerkies
 P - 10 royal jellies


   Skills:
 - Level 5.3 Fighting
 - Level 1.0 Short Blades
 + Level 0.0 Polearms
 * Level 7.7 Slings
 + Level 5.5 Dodging
 - Level 13.6 Stealth
 + Level 5.1 Invocations
 * Level 6.7 Evocations


You had 10 spell levels left.
You didn't know any spells.

Dungeon Overview and Level Annotations

Branches:
Dungeon (11/15)            Temple (1/1) D:7            Lair (0/8) D:8
    Orc (0/2) D:9

Altars:
Ashenzari
Cheibriados
Dithmenos
Elyvilon
Fedhas
Gozag
Kikubaaqudgha
Makhleb
Nemelex Xobeh
Okawaru
Pakellas
Qazlal
Ru
Sif Muna
Trog
Vehumet
Xom
Yredelemnul
Zin
The Shining One

Shops:
D:8 }   D:10 *   D:11 *

Annotations:
D:11 georgeearnest's ghost, novice FoFi


Innate Abilities, Weirdness & Mutations

You cannot wear most types of armour.
You are amphibious.
You can wear up to eight rings at the same time.
You can use your tentacles to constrict eight enemies at once.
Your skin changes colour to match your surroundings (Stealth).
Your rubbery body absorbs attacks (AC +1).
One of your tentacles bears a spike.


Message History

Aim: a hill giant, wielding a giant club (severely wounded, poisoned)
The puff of flame hits the hill giant.
The hill giant is almost dead.
This wand has 2 charges left.
Evoke which item? (* to show all) (? for menu, Esc to quit)
Zapping:
b - a wand of flame (2/48)
Press: ? - help, Shift-Dir - straight line, f/p - hill giant
Aim: a hill giant, wielding a giant club (almost dead, poisoned)
The puff of flame hits the hill giant.
The hill giant is almost dead.
This wand has 1 charge left.
The hill giant closely misses you.
Evoke which item? (* to show all) (? for menu, Esc to quit)
Zapping:
b - a wand of flame (1/48)
Press: ? - help, Shift-Dir - straight line, f/p - hill giant
Aim: a hill giant, wielding a giant club (almost dead, poisoned)
The puff of flame misses the hill giant.
This wand has 0 charges left.
The hill giant hits you with a giant club!!
You die...
Fedhas appreciates your contribution to the ecosystem.

######### #.......# #########
#.......# #.......# ##
#.......# #.......# ..
#.......#### #.......####..
#.......'..## #.......+..'%.
#.......##..#####.......#C##..
#.......###..@C.'.....#.#.# ..
#.....[.# #######......∩..# ..
####'#### #.....#.### (. #.##
###+#...# .. #.)# ##### ##
##.# #.## #..# ######'##


You could see a hill giant.

Vanquished Creatures
  A troll (D:11)
  Prince Ribbit (D:5)
  2 wyverns
  2 hippogriffs
  Menkaure (D:4)
  A soldier ant (D:8)
  3 water moccasins (D:9)
  Duvessa (D:7)
  2 orc warriors (D:6)
  3 ice beasts
  A wasp (D:8)
  2 black bears (D:8)
  4 ogres
  2 centaurs
  A big kobold (D:9)
  4 giant frogs
  2 scorpions
  2 killer bees (D:9)
  4 howler monkeys
  2 crimson imps
  A giant frog zombie (D:4)
  2 jellies (D:5)
  4 orc priests
  Crazy Yiuf (D:2)
  2 hounds
  7 orc wizards
  A giant frog skeleton (D:4)
  Terence (D:3)
  11 worker ants
  2 killer bee zombies
  2 hound skeletons
  A worker ant zombie (D:5)
  3 gnolls (D:9)
  11 adders
  A howler monkey skeleton (D:4)
  4 river rats (D:8)
  A shadow imp (D:8)
  An ooze (D:2)
  6 adder skeletons
  2 worms
  A dart slug (D:5)
  2 giant geckos
  36 orcs
  2 ball pythons
  19 bats
  7 giant cockroaches
  6 goblins
  8 hobgoblins
  8 jackals
  9 kobolds
  4 quokkas
  A giant gecko skeleton (D:4)
  A giant gecko zombie (D:4)
  3 giant newts
  11 rats
223 creatures vanquished.

Vanquished Creatures (collateral kills)
  An orc high priest (D:9)
  A centaur skeleton (D:11)
  Edmund (D:6)
  A hungry ghost (D:11)
  2 steam dragons
  A water moccasin (D:10)
  2 orc warriors
  An ogre (D:9)
  A sky beast (D:6)
  A giant frog (D:10)
  A gnoll sergeant (D:9)
  Dowan (D:7)
  3 killer bees (D:9)
  A wight (D:9)
  An orc wizard (D:8)
  An iguana (D:9)
  A worker ant (D:10)
  2 gnolls (D:9)
  A river rat (D:8)
  4 orcs
  A bat (D:8)
29 creatures vanquished.

Vanquished Creatures (others)
  6 wandering mushrooms
  A wyvern (D:9)
  A centaur (D:8)
  A necrophage (D:9)
  A giant frog (D:6)
  Blork the orc (D:6)
  A killer bee (D:9)
  2 worker ant zombies
  A giant cockroach zombie (D:4)
  A fungus (D:7)
  163 toadstools
179 creatures vanquished.

Grand Total: 431 creatures vanquished

Notes
Turn   | Place    | Note
--------------------------------------------------------------
     0 | D:1      | M4edhros the Octopode Artificer began the quest for the Orb.
     0 | D:1      | Reached XP level 1. HP: 13/13 MP: 3/3
   238 | D:1      | Reached skill level 2 in Stealth
   490 | D:1      | Reached skill level 3 in Stealth
   490 | D:1      | Reached XP level 2. HP: 18/18 MP: 4/4
   761 | D:2      | Reached skill level 4 in Stealth
   820 | D:2      | Reached XP level 3. HP: 23/23 MP: 5/5
   986 | D:2      | Found a shadowy altar of Dithmenos.
   998 | D:2      | Found an iron altar of Okawaru.
  1109 | D:3      | Found a sacrificial altar of Ru.
  1124 | D:3      | Reached skill level 5 in Stealth
  1124 | D:3      | Reached XP level 4. HP: 15/28 MP: 6/6
  1292 | D:4      | Noticed Menkaure
  1297 | D:4      | Killed Menkaure
  1297 | D:4      | Reached skill level 7 in Stealth
  1297 | D:4      | Reached XP level 5. HP: 18/33 MP: 7/7
  1457 | D:4      | Reached skill level 8 in Stealth
  1457 | D:4      | Reached XP level 6. HP: 28/38 MP: 8/8
  1468 | D:4      | Found a snail-covered altar of Cheibriados.
  1512 | D:4      | Found a white marble altar of Elyvilon.
  1581 | D:4      | Found a glowing silver altar of Zin.
  1630 | D:5      | Entered Level 5 of the Dungeon
  1724 | D:6      | Noticed Blork the orc
  1725 | D:6      | Noticed Edmund
  1735 | D:6      | Your ally died
  1774 | D:6      | Reached skill level 9 in Stealth
  1848 | D:6      | Killed Edmund
  1897 | D:6      | Noticed Dowan
  1900 | D:6      | Noticed Duvessa
  1910 | D:7      | Killed Dowan
  1910 | D:7      | Reached skill level 10 in Stealth
  1910 | D:7      | Reached XP level 7. HP: 29/43 MP: 9/9
  1925 | D:7      | Found a staircase to the Ecumenical Temple.
  1934 | Temple   | Entered the Ecumenical Temple
  2084 | D:7      | Found an oddly glowing altar of Pakellas.
  2130 | D:7      | Noticed a steam dragon
  2130 | D:7      | Noticed a steam dragon
  2147 | D:7      | Killed a steam dragon
  2229 | D:7      | Found an opulent altar of Gozag.
  2231 | D:7      | Found a sparkling altar of Nemelex Xobeh.
  2234 | D:7      | Found a bloodstained altar of Trog.
  2235 | D:7      | Found a glowing golden altar of the Shining One.
  2274 | D:7      | Killed Duvessa
  2274 | D:7      | Reached skill level 11 in Stealth
  2398 | D:6      | Found a blossoming altar of Fedhas.
  2403 | D:6      | Became a worshipper of Fedhas Madash
  2602 | D:6      | Reached skill level 12 in Stealth
  2658 | D:4      | Reached XP level 8. HP: 48/48 MP: 10/10
  3189 | D:2      | Noticed Crazy Yiuf
  3195 | D:2      | Killed Crazy Yiuf
  3657 | D:3      | Noticed Terence
  3684 | D:3      | Killed Terence
  3688 | D:3      | Reached * piety under Fedhas
  4004 | D:4      | Reached skill level 13 in Stealth
  4568 | D:5      | Reached skill level 1 in Slings
  4607 | D:5      | Got a shimmering hunting sling
  4608 | D:5      | Identified the +4 hunting sling of the World {velocity, Int+3} (You found it on level 5 of the Dungeon)
  4655 | D:5      | Reached ** piety under Fedhas
  5258 | D:5      | Found an ancient bone altar of Kikubaaqudgha.
  5480 | D:5      | Noticed Prince Ribbit
  5489 | D:5      | Killed Prince Ribbit
  5489 | D:5      | Reached skill level 1 in Invocations
  5489 | D:5      | Reached XP level 9. HP: 22/55 MP: 11/11
  7308 | D:8      | Found Hush's Gadget Shoppe.
  7536 | D:8      | Found a shimmering altar of Xom.
  7607 | D:8      | Reached skill level 5 in Slings
  8092 | D:8      | Reached *** piety under Fedhas
  8257 | D:8      | Found a staircase to the Lair.
  8292 | D:8      | Reached XP level 10. HP: 54/63 MP: 13/13
  8448 | D:8      | Reached **** piety under Fedhas
  8653 | D:9      | Reached skill level 5 in Evocations
  8732 | D:9      | Gained mutation: One of your tentacles bears a spike. [potion of beneficial mutation]
  9051 | D:9      | Found a basalt altar of Yredelemnul.
  9217 | D:9      | Reached skill level 5 in Dodging
  9667 | D:9      | Reached skill level 5 in Fighting
  9772 | D:9      | Noticed an orc high priest
  9785 | D:9      | Noticed a rust devil
  9793 | D:9      | Killed an orc high priest
  9804 | D:9      | Found a staircase to the Orcish Mines.
 10026 | D:10     | Entered Level 10 of the Dungeon
 10034 | D:10     | Found Pahaed's Assorted Antiques.
 10807 | D:10     | Found a shattered altar of Ashenzari.
 10816 | D:10     | Reached skill level 5 in Invocations
 11229 | D:11     | Noticed georgeearnest's ghost (novice FoFi)
 11239 | D:11     | Noticed a brown ugly thing
 11243 | D:11     | Reached XP level 11. HP: 63/72 MP: 15/15
 11377 | D:11     | Found Muqivuss's Assorted Antiques.
 11386 | D:11     | Bought a blackened spear for 192 gold pieces
 11386 | D:11     | Identified the +7 spear of Qazlal's Benevolence {venom, MR+} (You bought it in a shop on level 11 of the Dungeon)
 11391 | D:11     | Noticed a hill giant
 11413 | D:11     | Mangled by a hill giant

Skill      XL: |  1  2  3  4  5  6  7  8  9 10 |
---------------+-------------------------------+-----
Stealth        | 3 4 5 7 8 10 12 13 | 13.6
Slings         | 2 5 7 |  7.7
Fighting       | 2 4 5 |  5.3
Dodging        | 3 4 5 |  5.5
Invocations    | 1 3 5 |  5.1
Evocations     | 4 6 |  6.7
Short Blades   | |  1.0

Action                   |  1- 3 |  4- 6 |  7- 9 | 10-12 || total
-------------------------+-------+-------+-------+-------++-------
Melee: Short sword       |    41 |    30 |   148 |    32 ||   251
       Constrict         |    12 |    11 |    32 |    10 ||    65
       Tentacles         |     4 |     8 |    25 |     6 ||    43
       Spear             |       |       |       |     2 ||     2
       Kick              |       |       |       |     1 ||     1
 Fire: Hunting sling     |       |       |   170 |   216 ||   386
Invok: Evolution         |       |       |     2 |     4 ||     6
       Sunlight          |       |       |     1 |       ||     1
Evoke: Wand              |       |    11 |    13 |     9 ||    33
  Use: Scroll            |       |     7 |     4 |       ||    11
       Potion            |       |       |     3 |     4 ||     7
 Stab: Sleeping          |    10 |     1 |    44 |     5 ||    60
       Distracted        |     1 |       |     2 |       ||     3
       Confused          |       |     1 |       |       ||     1
  Eat: Chunk             |       |     3 |     3 |       ||     6
       Meat ration       |       |       |     4 |     1 ||     5
       Pizza             |       |       |       |     1 ||     1
Armor: Skin              |     3 |     2 |     9 |     4 ||    18
Dodge: Dodged            |    19 |    18 |    93 |    52 ||   182
